 Dungeon Crawl Stone Soup version 0.25-a0-404-gc1b5a34292 (webtiles) character file.

Game seed: 3340361373868181388, levelgen mode: deterministic

123 Jerej03 the Grave Robber (level 4, 0/27 HPs)
             Began as a Demonspawn Necromancer on Jan 10, 2020.
             Was an Initiate of Sif Muna.
             Slain by an adder (3 damage)
             ... on level 2 of the Dungeon.
             The game lasted 00:17:08 (1280 turns).

Jerej03 the Grave Robber (Demonspawn Necromancer)   Turns: 1280, Time: 00:17:08

Health: 0/27       AC:  3    Str:  9    XL:     4   Next: 79%
Magic:  2/9        EV: 12    Int: 17    God:    Sif Muna [......]
Gold:   88         SH:  6    Dex: 13    Spells: 4/9 levels left

rFire    . . .     SeeInvis .   g - +0 mace
rCold    . . .     Gourm    .   k - +2 buckler
rNeg     . . .     Faith    .   a - +0 robe
rPois    .         Spirit   .   (no helmet)
rElec    .         Reflect  .   (no cloak)
rCorr    .         Harm     .   i - +0 pair of gloves
MR       .....                  (no boots)
Stlth    ++........             (no amulet)
HPRegen  0.09/turn              (no ring)
MPRegen  0.11/turn              (no ring)

@: lethally poisoned (0 -> -3)
A: talons 1, frail 1, high mp 1, powered by pain 1
a: Renounce Religion


You were on level 2 of the Dungeon.
You worshipped Sif Muna.
Sif Muna was noncommittal.
You were not hungry.

You visited 1 branch of the dungeon, and saw 2 of its levels.

You collected 88 gold pieces.

Inventory:

Hand Weapons
 g - a +0 mace (weapon)
 j - a +0 hand axe
 o - a +0 trident
Armour
 a - a +0 robe (worn)
 i - a +0 pair of gloves (worn)
 k - a +2 buckler (worn)
 m - a +0 leather armour
Scrolls
 b - a scroll of immolation {unknown}
 d - 2 scrolls of identify
 e - a scroll of remove curse {unknown}
 f - a scroll of enchant armour {unknown}
 n - a scroll of teleportation {unknown}
 q - a scroll of amnesia {unknown}
Potions
 h - a potion of heal wounds {unknown}
 l - a potion of might {unknown}
Comestibles
 c - 5 rations
 p - 5 chunks of flesh


   Skills:
 * Level 1.0 Maces & Flails
 + Level 1.9 Dodging
 + Level 1.9 Stealth
 * Level 1.2 Shields
 + Level 3.2 Spellcasting
 + Level 5.3 Necromancy


You had 4 spell levels left.
You knew the following spells:

 Your Spells              Type           Power        Failure   Level  Hunger
a - Pain                  Necr           ###.         2%          1    None
b - Animate Skeleton      Necr           N/A          2%          1    None
c - Vampiric Draining     Necr           ###.......   9%          3    ###....

Your spell library contained the following spells:

 Spells                   Type           Power        Failure   Level  Hunger
 Animate Dead             Necr           N/A          26%         4    ####...
 Agony                    Necr           ###.....     58%         5    ######.


Dungeon Overview and Level Annotations

Branches:
Dungeon (2/15)

Altars:
Hepliaklqana
Nemelex Xobeh
Okawaru
Qazlal
Ru
Sif Muna
Trog
Wu Jian
Zin

Annotations:
D:2 Natasha


Innate Abilities, Weirdness & Mutations

You have sharp toenails.
You sometimes gain a little power by taking damage.
You are frail. (-10% HP)
You have an increased reservoir of magic. (+10% MP)


Message History

You barely miss the adder. Your kick misses the adder.
The adder is heavily wounded.
The adder bites you.
* * * LOW HITPOINT WARNING * * *
You block the adder's attack.
You hit the adder but do no damage. Your kick misses the adder.
The adder is heavily wounded.
The adder closely misses you. The adder bites you.
* * * LOW HITPOINT WARNING * * *
You are poisoned.
The adder poisons you!
You hit the adder but do no damage. Your kick misses the adder.
The adder is heavily wounded.
You feel sick. The adder bites you.
* * * LOW HITPOINT WARNING * * *
You block the adder's attack.
You closely miss the adder. Your kick misses the adder.
The adder is heavily wounded.
The adder closely misses you. The adder bites you.
You die...

###..#.##....#.#####..#
#................>..#
########.#.#.....#.##
##_._._##..##.....#.#
#....PP.)...........#
#...⌠P...####<....###
#.#.....### ##..S..#
#####'### ##.##S###
###...######...#@#########
..[......................#
..........##...#########.#
.#.....##.###.## ##.##
##...###.# #.# ##...#
##>## #.# #.# ##.#.## ##
#.# #.# ##.....# ...# #.#
#.# #.#.#..# #... #.# #.#
##<.#### #...


You could see 2 adders.

Vanquished Creatures
  A scorpion (D:2)
  Natasha (D:2)
  2 adders (D:2)
  An ooze (D:2)
  A dart slug (D:2)
  A leopard gecko (D:2)
  3 bats
  3 giant cockroaches
  3 hobgoblins
  A ball python (D:1)
  2 goblins (D:1)
  3 kobolds (D:2)
  3 rats (D:1)
25 creatures vanquished.

Vanquished Creatures (collateral kills)
  A leopard gecko (D:1)
  A goblin (D:2)
  A rat (D:1)
3 creatures vanquished.

Vanquished Creatures (others)
  A minotaur (D:1)
  A draconian (D:1)
  2 vine stalkers (D:1)
  2 elves (D:1)
  A troll (D:1)
  A formicid (D:1)
  2 spriggans (D:1)
  A centaur (D:1)
  2 mummies (D:1)
  An orc (D:1)
  A kobold (D:1)
  6 tentacles (D:1)
21 creatures vanquished.

Grand Total: 49 creatures vanquished

Notes
Turn   | Place    | Note
-------+----------+-------------------------------------------
     0 | D:1      | Jerej03 the Demonspawn Necromancer began the quest for the
                  | Orb.
     0 | D:1      | Reached XP level 1. HP: 13/13 MP: 3/3
     2 | D:1      | Noticed a spriggan
     2 | D:1      | Noticed a troll
     2 | D:1      | Noticed a vine stalker
     2 | D:1      | Noticed an elf
     2 | D:1      | Noticed a kraken
     2 | D:1      | Noticed a vine stalker
     2 | D:1      | Noticed a formicid
     2 | D:1      | Noticed a minotaur
     2 | D:1      | Noticed a draconian
     2 | D:1      | Noticed a spriggan
     2 | D:1      | Noticed a centaur
     2 | D:1      | Noticed an elf
     5 | D:1      | Killed a spriggan
     6 | D:1      | Killed a spriggan
     6 | D:1      | Killed a centaur
     9 | D:1      | Killed an elf
    10 | D:1      | Killed a troll
    12 | D:1      | Killed a draconian
    12 | D:1      | Killed a vine stalker
    12 | D:1      | Killed an elf
    13 | D:1      | Killed a vine stalker
    14 | D:1      | Killed a minotaur
    16 | D:1      | Killed a formicid
    68 | D:1      | Learned a level 1 spell: Animate Skeleton
   245 | D:1      | Found a sparkling altar of Nemelex Xobeh.
   253 | D:1      | Became a worshipper of Nemelex Xobeh the Trickster
   258 | D:1      | Received a gift from Nemelex Xobeh
   276 | D:1      | Gained mutation: You have sharp toenails. [demonic
                  | ancestry]
   276 | D:1      | Reached XP level 2. HP: 16/19 MP: 1/5
   357 | D:1      | Gained mutation: You are frail. (-10% HP) [potion of
                  | mutation]
   357 | D:1      | Gained mutation: You have an increased reservoir of magic.
                  | (+10% MP) [potion of mutation]
   477 | D:2      | Found a stormy altar of Qazlal.
   489 | D:2      | Found a bloodstained altar of Trog.
   491 | D:2      | Found a hazy altar of Hepliaklqana.
   677 | D:2      | Found a sacrificial altar of Ru.
   747 | D:2      | Gained mutation: You sometimes gain a little power by
                  | taking damage. [demonic ancestry]
   747 | D:2      | Reached XP level 3. HP: 11/21 MP: 5/7
   755 | D:2      | Learned a level 3 spell: Vampiric Draining
   772 | D:2      | Noticed Natasha
   803 | D:2      | HP: 1/21 [Natasha (5)]
   804 | D:2      | Killed Natasha
   804 | D:2      | Reached skill level 5 in Necromancy
  1012 | D:2      | Found an iron altar of Okawaru.
  1043 | D:2      | Found a shimmering blue altar of Sif Muna.
  1043 | D:2      | Found an ornate altar of the Wu Jian Council.
  1043 | D:2      | Found a glowing silver altar of Zin.
  1051 | D:2      | Noticed Natasha
  1057 | D:2      | Fell from the grace of Nemelex Xobeh
  1057 | D:2      | Became a worshipper of Sif Muna the Loreminder
  1126 | D:2      | Reached skill level 1 in Shields
  1126 | D:2      | Reached XP level 4. HP: 13/27 MP: 2/9
  1197 | D:2      | Reached skill level 1 in Maces & Flails
  1280 | D:2      | Slain by an adder

Levels and vault maps discovered:
D:1:      nicolae_arrival_kraken_aquarium_b, layout_basic, glass_columns_a,
          nemelex_xobeh_ov_fountains_minmay
D:2:      layout_loops_ring, nicolae_overflow_quartered_altars,
          marbit_many_paths, nicolae_ru_sacrificial_ziggurat,
          gammafunk_temple_overflow_forgotten, nicolae_tso_carved_into_rock,
          uniq_natasha

Skill      XL: |  1  2  3  4 |
---------------+-------------+-----
Spellcasting   | 3 |  3.2
Necromancy     | 5 |  5.3
Shields        | 1 |  1.2
Maces & Flails | 1 |  1.0
Dodging        | |  1.9
Stealth        | |  1.9

Action                   |  1- 3 |  4- 6 || total
-------------------------+-------+-------++-------
Melee: Mace              |     4 |     8 ||    12
       Kick              |     1 |       ||     1
 Cast: Pain              |    46 |     7 ||    53
       Animate Skeleton  |     8 |     2 ||    10
       Vampiric Draining |     1 |     3 ||     4
 Abil: Draw Summoning    |     1 |       ||     1
  Use: Potion            |     2 |       ||     2
       Scroll            |     1 |       ||     1
  Eat: Chunk             |     1 |     1 ||     2
Armor: Robe              |     5 |     2 ||     7
Dodge: Dodged            |    12 |     7 ||    19
Block: Buckler           |       |     6 ||     6

Table legend:
 A = Non-vault XP
 B = Vault XP
 C = Vault XP percentage of total XP
 D = Non-vault monster count
 E = Vault monster count
 F = Vault count percentage of total count
                 A         B        C        D         E       F
            +---------+---------+-------+---------+---------+-------
      Total |     137 |      39 |  22.2 |      26 |       2 |   7.1
            +---------+---------+-------+---------+---------+-------
        D:1 |      17 |       0 |   0.0 |      12 |       0 |   0.0
        D:2 |     120 |      39 |  24.5 |      14 |       2 |  12.5
            +---------+---------+-------+---------+---------+-------
